 Dungeon Crawl Stone Soup version 0.31-a0-210-gccc998df9b (webtiles) character file.

Game seed: 719655724411919106

1742 benadryl the Basher (level 8, -2/75 HPs)
             Began as a Minotaur Fighter on June 30, 2023.
             Was an Initiate of Gozag.
             Slain by a troll (6 damage)
             ... on level 5 of the Dungeon.
             The game lasted 00:04:20 (3654 turns).

benadryl the Basher (Minotaur Fighter)              Turns: 3654, Time: 00:04:21

Health: -2/75      AC: 12    Str: 23    XL:     8   Next: 77%
Magic:  7/7        EV:  9    Int:  5    God:    Gozag
Gold:   209        SH:  4    Dex: 10    Spells: 7/7 levels left

rFire   . . .        b - +0 mace (freeze)
rCold   . . .        c - +0 buckler
rNeg    . . .        j - +2 scale mail {rPois}
rPois   +            (helmet restricted)
rElec   .            h - +2 cloak
rCorr   .            (no gloves)
SInv    .            (no boots)
Will    +....        (no amulet) Stlth
                     f - ring of willpower
HPRegen 0.32/turn    (no ring)
MPRegen 0.10/turn

%: no passive effects
@: mighty, about to teleport
A: horns 2, retaliatory headbutt
a: Renounce Religion, Potion Petition, Call Merchant, Bribe Branch


You were on level 5 of the Dungeon.
You worshipped Gozag.
Gozag was aware of your devotion.
You visited 2 branches of the dungeon, and saw 6 of its levels.

You collected 298 gold pieces.
You paid 89 gold pieces to Gozag.

Inventory:

Hand Weapons
 a - a +0 war axe
 b - a +0 mace of freezing (weapon)
Missiles
 i - 3 poisoned darts (quivered)
Armour
 c - a +0 buckler (worn)
 h - a +2 cloak (worn)
 j - a +2 scale mail of poison resistance (worn)
Jewellery
 f - a ring of willpower (left hand)
 s - a ring of fire
Wands
 n - a wand of flame (21)
 u - a wand of iceblast (3)
Scrolls
 m - a scroll of poison
 r - a scroll of silence
Potions
 d - a potion of might
 e - 2 potions of brilliance {unknown}
 g - a potion of berserk rage {unknown}
 k - 4 potions of curing {@q1}
 l - a potion of enlightenment {unknown}
 o - a potion of degeneration {unknown}
 p - a potion of invisibility {unknown}
 t - 2 potions of lignification {unknown}


   Skills:
 + Level 8.7 Fighting
 - Level 3.3(7.6) Axes
 * Level 10.6(10.9) Maces & Flails
 - Level 3.6 Armour
 - Level 3.6 Shields


You had 7 spell levels left.
You didn't know any spells.
Your spell library contained the following spells:

 Spells                   Type           Power      Damage    Failure   Level
 Sting                    Tmut/Pois      0%         1d3       85%         1
 Cigotuvi's Dreadful Rot  Necr/Pois/Air  0%         N/A       94%         2
 Poisonous Vapours        Pois/Air       0%         N/A       94%         2
 Dispel Undead            Necr           0%         3d6       100%        4
 Olgreb's Toxic Radiance  Pois           0%         N/A       100%        4
 Death Channel            Necr           0%         N/A       100%        6
 Storm Form               Tmut/Air       0%         N/A       100%        7
 Maxwell's Capacitive Co  Air            0%         ∞         100%        8


Dungeon Overview and Level Annotations

Branches:
Dungeon (5/15)             Temple (1/1) D:5

Altars:
Gozag
Qazlal
Ru
Trog
Wu Jian
Yredelemnul

Shops:
D:1 (


Innate Abilities, Weirdness & Mutations

You have a pair of horns on your head.
You reflexively headbutt those who attack you in melee.


Message History

You thump the troll! You freeze the troll.
The troll is moderately wounded.
The troll closely misses you. The troll claws you but does no damage.
The troll claws you!
You hit the troll but do no damage.
The troll is moderately wounded.
The troll closely misses you. x2; The troll claws you.
The troll attacks as you move away! The troll bites you but does no damage.
The troll claws you. x2
You feel very mighty all of a sudden. The troll bites you but does no damage.
You block the troll's attack. The troll closely misses you.
You barely miss the troll.
The troll is lightly wounded.
The troll bites you! The troll claws you but does no damage.
You block the troll's attack.
You closely miss the troll.
The troll is lightly wounded.
The troll bites you.
* * * LOW HITPOINT WARNING * * *
The troll claws you but does no damage. x2
You feel better. The troll closely misses you. You block the troll's attack.
The troll claws you but does no damage.
You hit the troll. You freeze the troll.
The troll is moderately wounded.
The troll bites you!
* * * LOW HITPOINT WARNING * * *
The troll claws you.
* * * LOW HITPOINT WARNING * * *
You block the troll's attack.
As you read the scroll of teleportation, it crumbles to dust.
You feel strangely unstable. The troll bites you but does no damage.
The troll claws you but does no damage. x2
You thump the troll! You freeze the troll. Your headbutt misses the troll.
The troll is heavily wounded.
You block the troll's attack. The troll claws you!
* * * LOW HITPOINT WARNING * * *
The troll claws you.
You die...
Your body crumbles into a pile of gold.

####### ###..~~~##
#####T@.####.##
#...~~##+..##.#
#..##### ....#.# #
#.....#.# #PP.~.#.#
#.....#.P~P.#~#
#.P.P.#.=$$~#~# #.
#~~P.?#≈≈~≈S#~#########
#..
#~??).##≈SS##~#........


You could see a troll.

Vanquished Creatures
  Pikel (D:5)
  Sigmund (D:4)
  Menkaure (D:4)
  A water moccasin (D:5)
  A black bear (D:3)
  An ice beast (D:4)
  An ogre (D:4)
  2 lemures (D:5)
  A phantom (D:5)
  A bullfrog (D:5)
  3 scorpions
  A jelly (D:5)
  An orc priest (D:3)
  Ijyb (D:4)
  4 iguanas
  2 orc wizards (D:3)
  3 adders
  3 dart slugs (D:1)
  14 orcs
  6 endoplasms
  2 giant cockroaches (D:1)
  4 hobgoblins
  4 jackals (D:3)
  5 kobolds
  3 quokkas
  5 ball pythons
  5 bats (D:1)
  A frilled lizard (D:3)
  5 goblins
  2 rats
85 creatures vanquished.

Notes
Turn   | Place    | Note
-------+----------+-------------------------------------------
     0 | D:1      | benadryl the Minotaur Fighter began the quest for the Orb.
     0 | D:1      | Reached XP level 1. HP: 19/19 MP: 0/0
   172 | D:1      | Reached XP level 2. HP: 19/27 MP: 1/1
   349 | D:1      | Found Guhucox's Weapon Emporium.
   656 | D:1      | Reached skill level 1 in Maces & Flails
  1071 | D:2      | Reached XP level 3. HP: 33/33 MP: 2/2
  1388 | D:2      | Reached skill level 2 in Maces & Flails
  1655 | D:3      | Reached XP level 4. HP: 26/41 MP: 3/3
  1851 | D:3      | Reached skill level 3 in Maces & Flails
  1886 | D:3      | Noticed a black bear
  1892 | D:3      | Killed a black bear
  1893 | D:3      | Reached skill level 5 in Fighting
  1893 | D:3      | Reached skill level 4 in Maces & Flails
  1893 | D:3      | Reached XP level 5. HP: 44/48 MP: 4/4
  2054 | D:3      | Reached skill level 5 in Maces & Flails
  2104 | D:3      | You fall into a shaft and drop 1 floor!
  2116 | D:4      | Reached XP level 6. HP: 42/56 MP: 5/5
  2314 | D:4      | Noticed an ice beast
  2321 | D:4      | Killed an ice beast
  2322 | D:4      | Reached skill level 6 in Maces & Flails
  2324 | D:4      | Noticed Menkaure
  2334 | D:4      | Killed Menkaure
  2335 | D:4      | Reached XP level 7. HP: 53/64 MP: 6/6
  2413 | D:4      | Noticed Sigmund
  2420 | D:4      | Killed Sigmund
  2421 | D:4      | Reached skill level 7 in Maces & Flails
  2503 | D:4      | Noticed Ijyb
  2511 | D:4      | Killed Ijyb
  2512 | D:4      | Reached skill level 8 in Maces & Flails
  3032 | D:5      | Entered Level 5 of the Dungeon
  3059 | D:5      | Found a staircase to the Ecumenical Temple.
  3077 | Temple   | Entered the Ecumenical Temple
  3122 | Temple   | Became a worshipper of Gozag Ym Sagoz the Greedy
  3155 | D:5      | Noticed Pikel
  3177 | D:5      | Killed Pikel
  3178 | D:5      | Reached skill level 9 in Maces & Flails
  3178 | D:5      | Reached XP level 8. HP: 29/74 MP: 7/7
  3463 | D:5      | Reached skill level 10 in Maces & Flails
  3640 | D:5      | Noticed a troll
  3654 | D:5      | Slain by a troll

Illustrated notes

Levels and vault maps discovered:
D:1:      dpeg_arrival_boxorama, layout_basic, serial_shops, shop,
          serial_curves, eino_curves_04, eino_curves_03, corexii_corridor_pit
D:2:      layout_basic
D:3:      layout_loops_corners, minmay_misc_feat_rugged,
          minmay_randomly_rotated_circles
D:4:      layout_layer_cave, uniq_sigmund, uniq_ijyb, uniq_menkaure
D:5:      cheibrodos_two_vegetables, layout_basic, minmay_temple_entry_glass,
          uniq_pikel, uniq_crazy_yiuf_cottage
Temple:   hellmonk_temple_of_storms

Skill      XL: |  1  2  3  4  5  6  7  8 |
---------------+-------------------------+-----
Axes           | 3 |  3.3
Fighting       | 4 5 6 8 |  8.7
Maces & Flails | 1 2 4 5 6 9 10 | 10.6
Armour         | |  3.6
Shields        | |  3.6

Action                     |  1- 3 |  4- 6 |  7- 9 || total
---------------------------+-------+-------+-------++-------
  Melee: War axe           |    22 |       |       ||    22
         Headbutt          |    11 |     9 |    14 ||    34
         Mace              |    76 |    71 |    96 ||   243
    Use: Scroll            |     3 |       |     5 ||     8
         Potion            |       |     1 |     2 ||     3
 Armour: Scale mail        |    59 |    41 |    60 ||   160
  Dodge: Dodged            |    54 |    26 |    49 ||   129
  Block: Buckler           |    18 |    11 |    29 ||    58

Table legend: (Time is in decaauts)
 A = Elapsed time spent in this place.
 B = Non-inter-level travel time spent in this place.
 C = Inter-level travel time spent in this place.
 D = Time resting spent in this place.
 E = Time spent auto-exploring this place.
 F = Levels seen in this place.
 G = Mean time per level.
                   A        B        C        D        E       F      G
               +--------+--------+--------+--------+--------+-----+--------+
         Total |   3699 |   3522 |    177 |    275 |   2627 |   6 |  616.5 |
       Dungeon |   3644 |   3476 |    168 |    275 |   2589 |   5 |  728.8 |
        Temple |     54 |     45 |      9 |      0 |     38 |   1 |   54.0 |
               +--------+--------+--------+--------+--------+-----+--------+

Top non-repeatable levels by time:
     D:1: 965 daAuts
     D:4: 931 daAuts
     D:2: 699 daAuts
     D:5: 571 daAuts
     D:3: 475 daAuts
  Temple: 54 daAuts
